 Dungeon Crawl Stone Soup version 0.30-a0-622-gddc90eaa04 (webtiles) character file.

Game seed: 16472151897699761670

56 tilp the Shield-Bearer (level 4, -3/39 HPs)
             Began as a Meteoran Fighter on Jan 10, 2023.
             Slain by Crazy Yiuf
             ... wielding a +4 quarterstaff of chaos
              (5 damage)
             ... on level 2 of the Dungeon.
             The game lasted 00:02:44 (672 turns).

tilp the Shield-Bearer (Meteoran Fighter)            Turns: 672, Time: 00:02:44

Health: -3/39      AC:  7    Str: 17    XL:     4   Next: 37%
Magic:  5/5        EV: 10    Int: 10    God:
Gold:   67         SH:  5    Dex: 15    Spells: 3/3 levels left

rFire   . . .      SeeInvis .    a - +0 long sword
rCold   . . .      Faith    .    c - +0 buckler
rNeg    . . .      Spirit   .    b - +0 scale mail
rPois   .          Reflect  .    (no helmet)
rElec   .          Harm     .    (no cloak)
rCorr   .          Rampage  .    (no gloves)
Will    .....                    (no boots) Stlth
                                 (no amulet)
HPRegen 0.26/turn                (no ring)
MPRegen 0.09/turn                (no ring)

@: mighty, slowed, glowing, very slow
A: sense surroundings 1, otherworldly, glowing, explore regen
a: no special abilities


You were on level 2 of the Dungeon.
You visited 1 branch of the dungeon, and saw 3 of its levels.

You collected 67 gold pieces.

Inventory:

Hand Weapons
 a - a +0 long sword (weapon)
Missiles
 e - 21 stones (quivered)
Armour
 b - a +0 scale mail (worn)
 c - a +0 buckler (worn)
Jewellery
 f - an amulet of faith
Scrolls
 g - a scroll of teleportation {unknown}
 h - a scroll of amnesia {unknown}
 j - 3 scrolls of identify {unknown}
 k - a scroll of vulnerability {unknown}
 l - a scroll of butterflies {unknown}
 m - a scroll of noise {unknown}
Potions
 i - a potion of degeneration {unknown}
 n - a potion of lignification {unknown}


   Skills:
 + Level 3.6 Fighting
 + Level 2.9 Long Blades
 + Level 3.9 Armour
 * Level 2.1 Dodging
 + Level 0.6 Stealth
 - Level 4.0 Shields


You had 3 spell levels left.
You didn't know any spells.
Your spell library was empty.

Dungeon Overview and Level Annotations

Branches:
Dungeon (3/15) Zot: 1098

Altars:
Yredelemnul

Shops:
D:3 [

Annotations:
D:2 Crazy Yiuf


Innate Abilities, Weirdness & Mutations

You passively map a small area around you.
You are easily found by Zot.
You glow in the dark.
You regain HP and MP as you explore.


Message History

A nearby fungus withers and dies.
A nearby fungus withers and dies.
Found a hammer.
Found a runed translucent door.
Crazy Yiuf shouts!
You open the door. You completely miss Crazy Yiuf.
Crazy Yiuf says, "Key hog sing!"
Crazy Yiuf hits you with a +4 quarterstaff of chaos.
You are poisoned.
Crazy Yiuf hits you with a +4 quarterstaff of chaos.
Crazy Yiuf freezes you.
You hit Crazy Yiuf but do no damage.
You feel very sick.
Crazy Yiuf hits you with a +4 quarterstaff of chaos!
You feel yourself slow down.
You barely miss Crazy Yiuf.
You feel sick.
Crazy Yiuf whimpers, "Whiteboard cloud Xom!"
Crazy Yiuf closely misses you. You block Crazy Yiuf's attack.
Unknown command.
You feel very mighty all of a sudden.
You feel sick. Crazy Yiuf completely misses you.
Unknown command.
You closely miss Crazy Yiuf.
You feel sick. You block Crazy Yiuf's attack. Crazy Yiuf closely misses you.
You barely miss Crazy Yiuf.
You feel sick.
You are no longer poisoned.
Crazy Yiuf hits you with a +4 quarterstaff of chaos.
Crazy Yiuf yells, "Millenium!"
Crazy Yiuf closely misses you.
You barely miss Crazy Yiuf.
Crazy Yiuf hits you with a +4 quarterstaff of chaos!
* * * LOW HITPOINT WARNING * * *
Crazy Yiuf burns you.
* * * LOW HITPOINT WARNING * * *
Crazy Yiuf misses you.
You barely miss Crazy Yiuf.
Crazy Yiuf hits you with a +4 quarterstaff of chaos.
* * * LOW HITPOINT WARNING * * *
Crazy Yiuf hits you with a +4 quarterstaff of chaos.
You die...

.........#.....##
, *
#########.####)##
* #.# #.# , * *
##### #.# #.# * ,
* #)..# #.# #.##
, ** #...# #>#
#..# *... #.#
##.# , #g#
#######.# * ♣@♣♣
#.......# ###
♣♣.♣ #....####
#####.# ♣.♣♣
#....# #
####.....# ♣♣.♣
#....# #
#....##### ♣♣.♣♣
#....# # #.####
♣♣...♣ #....#
###.# ♣..PP♣
#....# ....#
#....# #.[..#
.####
#....###....#


You could see Crazy Yiuf.

Vanquished Creatures
  3 adders (D:2)
  A dart slug (D:2)
  2 bats (D:2)
  4 giant cockroaches
  2 goblins (D:2)
  3 hobgoblins
  5 kobolds
  3 quokkas
  A ball python (D:2)
  A rat (D:2)
25 creatures vanquished.

Vanquished Creatures (others)
  3 fungi (D:2)
3 creatures vanquished.

Grand Total: 28 creatures vanquished

Notes
Turn   | Place    | Note
-------+----------+-------------------------------------------
     0 | D:1      | tilp the Meteoran Fighter began the quest for the Orb.
     0 | D:1      | Reached XP level 1. HP: 19/19 MP: 2/2
   164 | D:2      | Reached XP level 2. HP: 21/26 MP: 3/3
   171 | D:2      | Reached skill level 1 in Dodging
   181 | D:2      | Found a basalt altar of Yredelemnul.
   336 | D:2      | Reached XP level 3. HP: 29/31 MP: 4/4
   511 | D:2      | Reached XP level 4. HP: 36/38 MP: 5/5
   513 | D:2      | Reached skill level 4 in Shields
   534 | D:3      | Found Zych's Antique Armour Boutique.
   660 | D:2      | Found a runed translucent door.
   661 | D:2      | Noticed Crazy Yiuf
   672 | D:2      | Slain by Crazy Yiuf

Illustrated notes

Levels and vault maps discovered:
D:1:      amcnicky_arrival_choice, layout_basic
D:2:      layout_rooms, basic_altar, uniq_crazy_yiuf_cottage
D:3:      layout_basic, mainiacjoe_overflow_paths, hangedman_ru_absence,
          mainiacjoe_overflow_catwalk, serial_shops, nicolae_shop_stone

Skill      XL: |  1  2  3  4 |
---------------+-------------+-----
Dodging        | 1 2 |  2.1
Shields        | 4 |  4.0
Fighting       | |  3.6
Long Blades    | |  2.9
Armour         | |  3.9
Stealth        | |  0.6

Action                   |  1- 3 |  4- 6 || total
-------------------------+-------+-------++-------
Melee: Long sword        |    50 |    24 ||    74
Throw: Stone             |     2 |       ||     2
  Use: Potion            |       |     1 ||     1
Armor: Scale mail        |    37 |     3 ||    40
Dodge: Dodged            |    17 |     9 ||    26
Block: Buckler           |     9 |     6 ||    15

Table legend: (Time is in decaauts)
 A = Elapsed time spent in this place.
 B = Non-inter-level travel time spent in this place.
 C = Inter-level travel time spent in this place.
 D = Time resting spent in this place.
 E = Time spent auto-exploring this place.
 F = Levels seen in this place.
 G = Mean time per level.
                   A        B        C        D        E       F      G
               +--------+--------+--------+--------+--------+-----+--------+
         Total |    699 |    528 |    171 |      0 |      0 |   3 |  233.0 |
       Dungeon |    699 |    528 |    171 |      0 |      0 |   3 |  233.0 |
               +--------+--------+--------+--------+--------+-----+--------+

Top non-repeatable levels by time:
     D:2: 399 daAuts
     D:1: 264 daAuts
     D:3: 36 daAuts
